 Dungeon Crawl Stone Soup version 0.28.0-49-g6dfe1f597d (webtiles) character file.

Game seed: 18337095529123868734

143 Zeld the Poker (level 5, 0/43 HPs)
             Began as a Merfolk Monk on May 19, 2022.
             Succumbed to a scorpion's poison
             ... on level 4 of the Dungeon.
             The game lasted 00:01:40 (2089 turns).

Zeld the Poker (Merfolk Monk)                       Turns: 2089, Time: 00:01:41

Health: 0/43       AC:  2    Str: 12 (13) XL:     5   Next: 25%
Magic:  5/5        EV: 13    Int:  9 (10) God:
Gold:   18         SH:  0    Dex: 13 (16) Spells: 4/4 levels left

rFire   . . .      SeeInvis .   a - +0 spear
rCold   . . .      Faith    .   (no shield)
rNeg    . . .      Spirit   .   b - +0 robe
rPois   .          Reflect  .   (no helmet)
rElec   .          Harm     .   (no cloak)
rCorr   .          Rampage  .   (no gloves)
Will    .....                   (no boots)
Stlth   ++........              (no amulet)
HPRegen 0.14/turn               (no ring)
MPRegen 0.09/turn               (no ring)

@: lethally poisoned (0 -> -3)
A: (nimble swimmer 2), mertail
a: no special abilities


You were on level 4 of the Dungeon.
You visited 1 branch of the dungeon, and saw 3 of its levels.

You collected 18 gold pieces.

Inventory:

Hand Weapons
 a - a +0 spear (weapon)
Armour
 b - a +0 robe (worn)
Jewellery
 f - an amulet of reflection
Scrolls
 c - a scroll of silence {unknown}
 d - a scroll of identify {unknown}
 g - a scroll of teleportation {unknown}


   Skills:
 * Level 4.7 Fighting
 * Level 6.3 Polearms
 + Level 5.0 Dodging
 - Level 2.1 Stealth


You had 4 spell levels left.
You didn't know any spells.
Your spell library was empty.

Dungeon Overview and Level Annotations

Branches:
Dungeon (2/15)

Altars:
Uskayaw


Innate Abilities, Weirdness & Mutations

((You are very nimble when in or above water. (Stealth+, EV+, Speed+++)))
Your lower body shifts to a powerful aquatic tail in water.


Message History

You closely miss the scorpion.
The scorpion is severely wounded.
* * * LOW HITPOINT WARNING * * *
You feel very sick. The scorpion closely misses you.
Unknown command.
You closely miss the scorpion.
The scorpion is severely wounded.
* * * LOW HITPOINT WARNING * * *
You feel sick. The scorpion barely misses you.
Unknown command.
You completely miss the quokka.
* * * LOW HITPOINT WARNING * * *
You feel sick. The scorpion barely misses you.
You hit the quokka.
The quokka is moderately wounded.
* * * LOW HITPOINT WARNING * * *
You feel sick. The scorpion barely misses you. The quokka closely misses you.
Unknown command.
You hit the scorpion.
You kill the scorpion!
* * * LOW HITPOINT WARNING * * *
You feel sick. The quokka barely misses you.
Your Polearms skill increases to level 6!
Your Dodging skill increases to level 5!
You have reached level 5!
You feel clever.
Unknown command.
You hit the quokka but do no damage.
The quokka is moderately wounded.
* * * LOW HITPOINT WARNING * * *
You feel sick. The quokka bites you.
* * * LOW HITPOINT WARNING * * *
Unknown command.
You aren't carrying any items that you can evoke.
Unknown command.
It was a potion of degeneration.
There was something very wrong with that liquid.
You feel weakened.
You feel dopey.
You feel clumsy.
You die...

### #.. ####.# ....#
#..#
#.###..############.#
#.........†@r>......#
#####..##############
#..###############
#...†............#
..........##..###.###.##
.#####.##.##..# #.#
#..###.# #. #s##..#
#+###......# #. #.##...
+_###..###.# #.
#.##..###+###..#


You could see a quokka.

Vanquished Creatures
  A scorpion (D:4)
  A centaur skeleton (D:4)
  A gnoll (D:2)
  2 adders (D:2)
  2 worms (D:2)
  A bat (D:1)
  A giant cockroach (D:2)
  4 goblins
  4 hobgoblins
  A frilled lizard (D:1)
  2 kobolds
  4 rats
24 creatures vanquished.

Notes
Turn   | Place    | Note
-------+----------+-------------------------------------------
     0 | D:1      | Zeld the Merfolk Monk began the quest for the Orb.
     0 | D:1      | Reached XP level 1. HP: 18/18 MP: 1/1
   403 | D:1      | Reached XP level 2. HP: 24/24 MP: 2/2
   953 | D:2      | Reached skill level 5 in Polearms
   969 | D:2      | Reached XP level 3. HP: 2/30 MP: 3/3
  1845 | D:2      | You fall into a shaft and drop 2 floors!
  1859 | D:4      | Reached XP level 4. HP: 17/38 MP: 4/4
  1859 | D:4      | Found a hide-covered altar of Uskayaw.
  2065 | D:4      | Noticed a scorpion
  2087 | D:4      | Killed a scorpion
  2088 | D:4      | Reached skill level 6 in Polearms
  2088 | D:4      | Reached skill level 5 in Dodging
  2088 | D:4      | Reached XP level 5. HP: 4/43 MP: 5/5
  2088 | D:4      | HP: 1/43 [quokka (2)]
  2089 | D:4      | Succumbed to a scorpion's poison

Illustrated notes

Levels and vault maps discovered:
D:1:      dpeg_arrival_simpleton_c, layout_basic, minmay_tromino_i2
D:2:      layout_loops_ring, chequers_serial_rivers_micro_b, minmay_surrounded
D:4:      layout_loops_ring, lemuel_doored_altar, serial_shops, shop,
          minivault_5, serial_park_tiny_pond, minmay_cut_off

Skill      XL: |  1  2  3  4 |
---------------+-------------+-----
Polearms       | 5 6 |  6.3
Fighting       | 4 |  4.7
Dodging        | 5 |  5.0
Stealth        | |  2.1

Action                   |  1- 3 |  4- 6 || total
-------------------------+-------+-------++-------
Melee: Spear             |   118 |    15 ||   133
       Punch             |     2 |       ||     2
  Use: Potion            |       |     1 ||     1
 Stab: Sleeping          |     5 |       ||     5
Armor: Robe              |    13 |     1 ||    14
Dodge: Dodged            |    53 |    10 ||    63
